 Dungeon Crawl Stone Soup version 0.21-a0-210-gbfa5647 (webtiles) character file.

13 terra52 the Skirmisher (level 2, 0/27 HPs)
             Began as a Hill Orc Fighter on Aug 21, 2017.
             Slain by a hobgoblin
             ... wielding a +0 club
              (4 damage)
             ... on level 1 of the Dungeon.
             The game lasted 00:00:58 (619 turns).

terra52 the Skirmisher (Hill Orc Fighter)            Turns: 619, Time: 00:00:58

Health: 0/27       AC:  6    Str: 18    XL:     2   Next: 37%
Magic:  2/2        EV:  7    Int:  8    God:
Gold:   48         SH:  9    Dex: 10    Spells: 1/1 levels left

rFire    . . .     SeeInvis .   a - +0 war axe
rCold    . . .     Gourm    +   c - +0 shield
rNeg     . . .     Faith    .   b - +0 scale mail
rPois    .         Spirit   .   (no helmet)
rElec    .         Reflect  .   (no cloak)
rCorr    .         Harm     .   (no gloves)
MR       .....                  (no boots)
Stlth    ..........             i - amulet of the gourmand
HPRegen  0.09/turn              (no ring)
MPRegen  0.08/turn              (no ring)

@: no status effects
A: no striking features
a: no special abilities


You were on level 1 of the Dungeon.
You were very full.

You visited 1 branch of the dungeon, and saw 1 of its levels.

You collected 48 gold pieces.

Inventory:

Hand Weapons
 a - a +0 war axe (weapon)
Armour
 b - a +0 scale mail (worn)
 c - a +0 shield (worn)
Jewellery
 i - an amulet of the gourmand (around neck)
Scrolls
 e - a scroll of immolation {unknown}
 g - 2 scrolls of remove curse {unknown}
 j - a scroll of identify {unknown}
 m - a scroll of noise {unknown}
Potions
 d - a potion of might
 h - 2 potions of curing {unknown}
 k - a potion of magic {unknown}
 l - a potion of mutation {unknown}
Comestibles
 f - a bread ration
 n - a royal jelly


   Skills:
 + Level 3.7 Fighting
 + Level 3.0 Axes
 + Level 3.5 Armour
 + Level 3.5 Shields


You had one spell level left.
You didn't know any spells.

Dungeon Overview and Level Annotations

Branches:
Dungeon (1/15)

Altars:


Message History

The kobold hits you. The hobgoblin hits you with a club. The kobold hits you.
The kobold hits you but does no damage.
The hobgoblin hits you but does no damage.
The kobold hits you but does no damage. The hobgoblin closely misses you.
The kobold hits you.
The hobgoblin hits you but does no damage.
You block the kobold's attack. The hobgoblin hits you with a club.
The kobold hits you but does no damage. You block the hobgoblin's attack.
The kobold barely misses you.
The hobgoblin hits you but does no damage.
The kobold hits you. The hobgoblin hits you with a club.
* * * LOW HITPOINT WARNING * * *
The kobold closely misses you. The hobgoblin hits you with a club.
* * * LOW HITPOINT WARNING * * *
The kobold hits you but does no damage. The hobgoblin closely misses you.
The kobold hits you.
* * * LOW HITPOINT WARNING * * *
The hobgoblin hits you with a club.
You die...

.... ### ... ##.
....♣
..#####..####....
..♣
........#@gs.....
P.. #.#.
#.......K###....
♣P.♣♣ ♣ ....
#######.### .
♣.PP♣♣P. ..#
.........#
♣♣.♣♣PP ..###
#######.##
♣..♣♣.P
.....#########.#
♣♣♣♣.....♣
####.......#...#
♣.♣.♣..P♣♣
.............###
##♣♣....♣♣♣#
...........###
###.♣P.P..♣


You could see a giant cockroach, a hobgoblin and a kobold.

Vanquished Creatures
  2 giant cockroaches (D:1)
  A goblin (D:1)
  2 hobgoblins (D:1)
  A ball python (D:1)
  A bat (D:1)
  2 kobolds (D:1)
  4 rats (D:1)
13 creatures vanquished.

Notes
Turn   | Place    | Note
-------+----------+-------------------------------------------
     0 | D:1      | terra52 the Hill Orc Fighter began the quest for the Orb.
     0 | D:1      | Reached XP level 1. HP: 19/19 MP: 1/1
   316 | D:1      | Reached XP level 2. HP: 24/27 MP: 2/2
   619 | D:1      | Slain by a hobgoblin

Vault maps used:
D:1:      dpeg_arrival_rooms_c, serial_forest, infiniplex_forest_side_room,
          infiniplex_forest_split, infiniplex_forest_clump_tiny,
          infiniplex_forest_split, infiniplex_forest_end_3,
          infiniplex_forest_lined_2

Skill      XL: |  1  2 |
---------------+-------+-----
Axes           | 3 |  3.0
Fighting       | |  3.7
Armour         | |  3.5
Shields        | |  3.5

Action                   || total
-------------------------++-------
Melee: War axe           ||    37
  Eat: Chunk             ||    10
Armor: Scale mail        ||    36
Dodge: Dodged            ||    31
Block: Shield            ||    39

Table legend:
 A = Spawn XP
 B = Non-spawn XP
 C = Spawn XP percentage of total XP
 D = Spawn monster count
 E = Non-spawn monster count
 F = Spawn count percentage of total count
 G = Total turns spent on level
                    A         B        C        D         E        F      G
               +---------+---------+-------+---------+---------+-------+---------
         Total |       1 |      18 |   5.3 |       1 |      12 |   7.7 |   619
               +---------+---------+-------+---------+---------+-------+---------
           D:1 |       1 |      18 |   5.3 |       1 |      12 |   7.7 |   619
               +---------+---------+-------+---------+---------+-------+---------
